 Dungeon Crawl Stone Soup version 0.27-a0-1136-g0b992a5a9d (webtiles) character file.

Game seed: 10583812853541444190

204 DarkShadow the Shield-Bearer (level 5, -13/46 HPs)
             Began as a Minotaur Fighter on May 5, 2021.
             Was a Believer of Wu Jian.
             Mangled by a wyvern (16 damage)
             ... on level 4 of the Dungeon.
             The game lasted 00:08:08 (3576 turns).

DarkShadow the Shield-Bearer (Minotaur Fighter)     Turns: 3576, Time: 00:08:08

Health: -13/46     AC:  7    Str: 22    XL:     5   Next: 52%
Magic:  4/4        EV:  8    Int:  5    God:    Wu Jian [**....]
Gold:   135        SH: 10    Dex:  9    Spells: 4/4 levels left

rFire    . . .     SeeInvis .   a - +1 long sword
rCold    . . .     Faith    .   c - +0 kite shield
rNeg     . . .     Spirit   .   b - +0 scale mail
rPois    .         Reflect  .   (helmet restricted)
rElec    .         Harm     .   (no cloak)
rCorr    .         Rampage  .   (no gloves)
Will     .....                  (no boots)
Stlth    ..........             (no amulet)
HPRegen  0.15/turn              (no ring)
MPRegen  0.09/turn              (no ring)

@: no status effects
A: horns 2, retaliatory headbutt
a: Renounce Religion, Wall Jump


You were on level 4 of the Dungeon.
You worshipped Wu Jian.
Wu Jian was pleased with you.
You visited 1 branch of the dungeon, and saw 4 of its levels.

You collected 135 gold pieces.

Inventory:

Hand Weapons
 a - a +1 long sword (weapon)
Armour
 b - a +0 scale mail (worn)
 c - a +0 kite shield (worn)
Scrolls
 g - 2 scrolls of fog {unknown}
 i - a scroll of identify
Potions
 d - 3 potions of might
 e - a potion of attraction
 f - 3 potions of lignification {unknown}
 h - a potion of mutation {unknown}
 j - a potion of haste {unknown}
 l - a potion of degeneration {unknown}


   Skills:
 + Level 4.1 Fighting
 + Level 3.9 Long Blades
 + Level 4.7 Armour
 + Level 1.6 Dodging
 + Level 0.5 Stealth
 + Level 5.2 Shields


You had 4 spell levels left.
You didn't know any spells.
Your spell library was empty.

Dungeon Overview and Level Annotations

Branches:
Dungeon (4/15)
 Temple: D:4-7

Altars:
Ashenzari
Cheibriados
Fedhas
Uskayaw
Wu Jian
The Shining One

Shops:
D:2 =


Innate Abilities, Weirdness & Mutations

You have a pair of horns on your head.
You reflexively headbutt those who attack you in melee.


Message History

The Council accepts your kill. The endoplasm hits you. The wyvern bites you.
You slash the wyvern!
The wyvern is moderately wounded.
The wyvern bites you. The endoplasm freezes you.
You are frozen.
The wyvern bites you!
The endoplasm hits you but does no damage.
You are too injured to fight recklessly!
You barely miss the wyvern.
The wyvern is moderately wounded.
You block the wyvern's attack. You block the kobold's attack.
The wyvern closely misses you. You furiously retaliate!
You headbutt the wyvern.
You riposte.
You hit the wyvern but do no damage.
The wyvern is moderately wounded.
The endoplasm freezes you.
You are frozen.
You barely miss the wyvern.
The wyvern is moderately wounded.
The wyvern bites you but does no damage.
The kobold barely misses you. You furiously retaliate!
You headbutt the kobold. You block the endoplasm's attack.
The wyvern bites you!
* * * LOW HITPOINT WARNING * * *
You block the kobold's attack. The endoplasm freezes you.
You are frozen.
* * * LOW HITPOINT WARNING * * *
The wyvern barely misses you.
You spin to attack the wyvern, but your attack speed is too slow for a blow to land.
You spin and attack the endoplasm.
You slash the endoplasm!
You kill the endoplasm!
The Council accepts your kill.
The wyvern bites you but does no damage.
You block the wyvern's attack.
You spin to attack the kobold, but your attack speed is too slow for a blow to land.
The kobold hits you with a +0 dagger.
* * * LOW HITPOINT WARNING * * *
You spin to attack the wyvern, but your attack speed is too slow for a blow to land.
You block the wyvern's attack. The wyvern bites you!
You die...

############
##..........##
##.[..........##
##..............#
................#
#......K@......#
#......l...?...#
#......(.......#
##....†([.......
#.....†..$...###
...........####
...........#
............#
##(....#......


You could see a wyvern and a kobold.

Vanquished Creatures
  5 adders
  3 gnolls (D:3)
  2 river rats (D:3)
  2 worms (D:3)
  A dart slug (D:2)
  3 orcs (D:3)
  13 bats
  3 endoplasms
  5 giant cockroaches
  6 goblins
  7 hobgoblins
  10 jackals
  7 quokkas
  7 ball pythons
  6 frilled lizards
  11 kobolds
  10 rats
101 creatures vanquished.

Notes
Turn   | Place    | Note
-------+----------+-------------------------------------------
     0 | D:1      | DarkShadow the Minotaur Fighter began the quest for the
                  | Orb.
     0 | D:1      | Reached XP level 1. HP: 19/19 MP: 0/0
   178 | D:1      | Reached skill level 4 in Shields
   185 | D:1      | Reached XP level 2. HP: 26/27 MP: 1/1
   293 | D:1      | HP: 1/27 [rat (2)]
   324 | D:1      | HP: 1/27 [rat (2)]
   812 | D:1      | Reached XP level 3. HP: 33/33 MP: 2/2
   874 | D:1      | Found a faded altar of an unknown god.
   903 | D:1      | Became a worshipper of the Wu Jian Council
   903 | D:1      | Reached * piety under Wu Jian
  1298 | D:2      | Reached skill level 1 in Dodging
  1387 | D:2      | Found Welebbal's Jewellery Emporium.
  1403 | D:2      | Reached ** piety under Wu Jian
  1525 | D:2      | Reached XP level 4. HP: 40/40 MP: 3/3
  2035 | D:3      | Found a hide-covered altar of Uskayaw.
  2035 | D:3      | Found a snail-covered altar of Cheibriados.
  2035 | D:3      | Found a broken altar of Ashenzari.
  2035 | D:3      | Found a blossoming altar of Fedhas.
  2361 | D:3      | Found a glowing golden altar of the Shining One.
  2408 | D:3      | HP: 2/40 [gnoll/+0 flail (6)]
  2410 | D:3      | Reached skill level 5 in Shields
  2701 | D:3      | Reached XP level 5. HP: 46/46 MP: 4/4
  3565 | D:4      | Noticed a wyvern
  3576 | D:4      | Mangled by a wyvern

Illustrated notes

Levels and vault maps discovered:
D:1:      dpeg_arrival_ratfight, layout_basic,
          hellmonk_ecumenical_altar_pennies_from_heaven, st_stairs_8,
          corexii_item_surrounded_by_moat, minmay_split_cup_small
D:2:      layout_basic, serial_shops, shop_statue
D:3:      layout_loops_cross, nicolae_tso_swordbearing_angel,
          chequers_temple_overflow_statue_of_worship, gup_sewer_entry_spiral,
          minivault_19, chequers_serial_rivers_small_3,
          chequers_serial_rivers_micro_e, chequers_serial_rivers_small_3
D:4:      layout_rooms, nicolae_ru_awakened_eye, nicolae_zen_rock_garden,
          minmay_fractal_squares_diagonal_5

Skill      XL: |  1  2  3  4 |
---------------+-------------+-----
Shields        | 4 5 |  5.2
Armour         | 4 |  4.7
Fighting       | 4 |  4.1
Dodging        | 1 |  1.6
Long Blades    | 3 |  3.9
Stealth        | |  0.5

Action                   |  1- 3 |  4- 6 || total
-------------------------+-------+-------++-------
Melee: Long sword        |   132 |    96 ||   228
       Headbutt          |    22 |    22 ||    44
Invok: Lunge             |     5 |     8 ||    13
       Whirlwind         |       |     1 ||     1
  Use: Scroll            |       |     5 ||     5
Armor: Scale mail        |    99 |    36 ||   135
Dodge: Dodged            |    55 |    28 ||    83
Block: Kite shield       |   125 |    52 ||   177
       Rpst.: Long sword |    10 |     9 ||    19

Table legend: (Time is in decaauts)
 A = Elapsed time spent in this place.
 B = Non-inter-level travel time spent in this place.
 C = Inter-level travel time spent in this place.
 D = Time resting spent in this place.
 E = Time spent auto-exploring this place.
 F = Levels seen in this place.
 G = Mean time per level.
                   A        B        C        D        E       F      G
               +--------+--------+--------+--------+--------+-----+--------+
         Total |   3774 |   3460 |    314 |    626 |   2150 |   4 |  943.5 |
       Dungeon |   3774 |   3460 |    314 |    626 |   2150 |   4 |  943.5 |
               +--------+--------+--------+--------+--------+-----+--------+

Top non-repeatable levels by time:
     D:3: 1545 daAuts
     D:2: 1151 daAuts
     D:1: 1059 daAuts
     D:4: 17 daAuts
